 Dungeon Crawl Stone Soup version 0.23.2-33-g5129a83184 (webtiles) character file.

Game seed: 5127525166752437587

21788 Destapler the Grappler (level 12, -1/172 HPs)
             Began as a Troll Berserker on July 13, 2019.
             Was a High Priest of Trog.
             Killed by divine providence
             ... invoked by Saint Roka
              (14 damage)
             ... on level 1 of the Orcish Mines.
             The game lasted 01:38:19 (11392 turns).

Destapler the Grappler (Troll Berserker)           Turns: 11392, Time: 01:38:22

Health: -1/172     AC:  9    Str: 35    XL:     12   Next: 57%
Magic:  11/11      EV: 12    Int:  5    God:    Trog [*****.]
Gold:   781        SH: 12    Dex:  9    Spells: 11/11 levels left

rFire    . . .     SeeInvis .     - Unarmed
rCold    . . .     Gourm    +   y - +1 shield
rNeg     + . .     Faith    .   Q - +0 troll leather armour
rPois    .         Spirit   .   (helmet restricted)
rElec    .         Reflect  .   m - scarf {repulsion}
rCorr    .         Harm     .   (gloves unavailable)
MR       .....                  (boots unavailable)
Stlth    ..........             p - amulet of regeneration
HPRegen  1.58/turn              F - ring of positive energy
MPRegen  0.12/turn              n - +4 ring of slaying

@: berserking (expiring), lightly drained, repel missiles, very quick
A: large, unfitting armour, claws 3, fast metabolism 3, gourmand, regeneration
1, shaggy fur 1, tough skin 3
a: Berserk, Trog's Hand, Brothers in Arms, Renounce Religion


You were on level 1 of the Orcish Mines.
You worshipped Trog.
Trog was extremely pleased with you.
You were very full.

You visited 3 branches of the dungeon, and saw 15 of its levels.

You collected 815 gold pieces.
You spent 34 gold pieces at shops.

Inventory:

Hand Weapons
 a - a +0 hand axe of flaming
 L - a +4 antimagic broad axe
 M - a +0 blowgun
 P - the +1 hand axe of Hospitality {antimagic, rF+ Int+2 Dex-5}
   (You found it on level 8 of the Dungeon)

   It reduces the magical energy of the wielder, and disrupts the spells and
   magical abilities of those hit.
   Natural abilities and divine invocations are not affected.
   It affects your intelligence (+2).
   It affects your dexterity (-5).
   It protects you from fire.
 T - the +10 flail of Extinguishment {venom, rPois Str+3 SInv, unknown}
   (You found it on level 12 of the Dungeon)

   It poisons the flesh of those it strikes.
   It affects your strength (+3).
   It protects you from poison.
   It lets you see invisible.
Missiles
 d - 439 stones (quivered)
 h - 14 poisoned needles
 w - 14 tomahawks
 x - 2 throwing nets
 G - 2 curare-tipped needles
 H - 2 javelins of penetration
 W - 8 large rocks
Armour
 m - a scarf of repulsion (worn)
 y - a +1 shield (worn)
 Q - a +0 troll leather armour (worn)
Jewellery
 k - an uncursed ring of ice
 n - a +4 ring of slaying (right claw)
 p - an amulet of regeneration (around neck)
 C - an uncursed ring of fire
 F - a ring of positive energy (left claw)
Scrolls
 c - 2 scrolls of random uselessness {unknown}
 e - 3 scrolls of enchant armour
 g - 4 scrolls of identify
 i - a scroll of blinking {unknown}
 s - 5 scrolls of remove curse
 t - 2 scrolls of immolation {unknown}
 u - a scroll of vulnerability {unknown}
 A - a scroll of silence {unknown}
 D - 2 scrolls of teleportation {unknown}
 E - a scroll of fog {unknown}
 I - 2 scrolls of fear
 J - 4 scrolls of enchant weapon {unknown}
 R - a scroll of brand weapon {unknown}
Potions
 f - 6 potions of lignification
 j - 2 potions of heal wounds
 l - 2 potions of magic
 o - 2 potions of haste
 q - 2 potions of cancellation
 r - 4 potions of curing {unknown}
 v - a potion of degeneration {unknown}
 z - 4 potions of flight
 B - 3 potions of ambrosia {unknown}
 K - 2 potions of agility {unknown}
 N - a potion of invisibility {unknown}
 O - a potion of might {unknown}
 U - a potion of mutation {unknown}
Miscellaneous
 S - a phial of floods
Comestibles
 b - 26 rations
 V - 13 chunks of flesh


   Skills:
 + Level 6.4(6.2) Fighting
 + Level 5.2(5.0) Axes
 - Level 2.0(1.8) Throwing
 * Level 7.3(7.0) Armour
 + Level 7.6(7.4) Dodging
 - Level 1.0(0.8) Stealth
 + Level 7.9(7.7) Shields
 - Level 11.0(10.8) Unarmed Combat


You had 11 spell levels left.
You didn't know any spells.
Your spell library contained the following spells:

 Spells                   Type           Power        Failure   Level  Hunger
 Corona                   Hex            #......      58%         1    ##.....
 Flame Tongue             Conj/Fire      #....        58%         1    ##.....
 Ensorcelled Hibernation  Hex/Ice        #.....       75%         2    ###....
 Throw Flame              Conj/Fire      #.....       75%         2    ###....
 Confuse                  Hex            #.......     92%         3    ####...
 Conjure Flame            Conj/Fire      #.......     92%         3    ####...
 Dazzling Spray           Conj/Hex       #.....       92%         3    ####...
 Inner Flame              Hex/Fire       #.......     92%         3    ####...
 Static Discharge         Conj/Air       #.......     92%         3    ####...
 Tukima's Dance           Hex            #.......     92%         3    ####...
 Sticky Flame             Conj/Fire      #.......     100%        4    #####..
 Fireball                 Conj/Fire      #.........   100%        5    ######.
 Lightning Bolt           Conj/Air       #.........   100%        5    ######.
 Ignition                 Fire           #.........   100%        8    #######
 Shatter                  Erth           #.........   100%        9    #######
 Tornado                  Air            #.........   100%        9    #######


Dungeon Overview and Level Annotations

Branches:
Dungeon (12/15)            Temple (1/1) D:6            Lair (0/6) D:11
    Orc (2/2) D:12
    Elf: Orc:2

Altars:
Ashenzari
Cheibriados
Dithmenos
Elyvilon
Fedhas
Gozag
Hepliaklqana
Kikubaaqudgha
Makhleb
Nemelex Xobeh
Okawaru
Qazlal
Ru
Sif Muna
Trog
Uskayaw
Vehumet
Wu Jian
Xom
Yredelemnul
Zin
The Shining One

Shops:
D:4 ?   D:7 **   D:10 *   D:12 (

Annotations:
Orc:1 Saint Roka


Innate Abilities, Weirdness & Mutations

You are too large for most types of armour.
You have claws for hands.
Your metabolism is lightning-fast.
You like to eat raw meat.
Your natural rate of healing is unusually fast.
You are covered in fur. (AC +1)
You have extremely tough skin. (AC +3)


Message History

Saint Roka invokes the aid of Beogh against you.
Beogh smites you!
* * * LOW HITPOINT WARNING * * *
You scratch Saint Roka.
Saint Roka is severely wounded.
You barely miss Saint Roka.
Saint Roka is severely wounded.
Saint Roka says, "Down here, you're an orc or you're nobody."
Saint Roka mumbles some strange prayers to Beogh against you.
Beogh smites you!
* * * LOW HITPOINT WARNING * * *
You claw Saint Roka!
Saint Roka is severely wounded.
You closely miss Saint Roka.
Saint Roka is severely wounded.
Your skin stops crawling.
You feel less resistant to hostile enchantments.
Saint Roka mumbles some strange prayers to Beogh against you.
Beogh smites you!
You die...

#...##.#...............#
##.##..........#....#.##
###.##.........##.......##
##................#.#.#...#
......................#..##
.........................#
.###..#...............#.##
###.......#....[)).....##
##.##....#...o@...#.##
#####.......)[[...##
###............##
##.##)###........#
#.^.#.#.#.....#.##
##..........#######
##............##..##
#............).)<..#
##...##.....#.##..##


You could see Saint Roka.

Vanquished Creatures
  2 hydras
  2 two-headed ogres
  2 unseen horrors (D:12)
  4 orc sorcerers
  2 cyclopes
  An ugly thing (D:12)
  Joseph (D:7)
  A centaur zombie (D:11)
  3 centaur skeletons
  A gargoyle (D:5)
  A kobold demonologist (D:12)
  4 trolls
  3 hornets
  Grinder (D:3)
  A hippogriff (D:9)
  Prince Ribbit (D:7)
  2 dream sheep (D:8)
  A shadow (D:12)
  A wyvern (D:9)
  10 yaks
  A vampire (D:12)
  4 wraiths
  2 hungry ghosts
  3 vampire mosquitoes (D:12)
  3 wargs (Orc:1)
  Menkaure (D:7)
  A water moccasin (D:8)
  2 porcupines (D:11)
  11 orc warriors
  7 sky beasts
  4 ice beasts
  2 necrophages
  3 phantoms
  4 ogres
  2 black bears
  5 centaurs
  3 crocodiles
  6 big kobolds
  A gnoll sergeant (D:9)
  10 bullfrogs
  5 scorpions
  9 killer bees
  6 wights
  A howler monkey (D:11)
  3 crimson imps
  2 bullfrog zombies
  A quasit (D:8)
  A jelly (D:9)
  2 bullfrog skeletons
  4 orc wizards
  3 hounds
  7 orc priests
  2 iguanas
  7 worker ants
  A hound zombie (D:6)
  A worker ant zombie (D:5)
  8 gnolls
  9 adders
  A howler monkey skeleton (D:8)
  2 shadow imps
  2 oozes
  2 adder zombies (D:9)
  A worm (D:4)
  5 dart slugs
  4 leopard geckos
  35 orcs
  6 bats
  4 giant cockroaches
  4 goblins
  6 hobgoblins
  8 jackals
  3 quokkas
  5 frilled lizards
  23 kobolds
  A leopard gecko zombie (D:6)
  7 rats
  2 butterflies (D:6)
312 creatures vanquished.

Vanquished Creatures (collateral kills)
  An orc high priest (Orc:2)
  2 orc warriors (D:12)
  2 orc priests (D:12)
  An orc wizard (D:12)
  3 orcs
9 creatures vanquished.

Vanquished Creatures (others)
  22 fungi (D:11)
  2 plants (D:11)
  4 toadstools (D:1)
28 creatures vanquished.

Grand Total: 349 creatures vanquished

Notes
Turn   | Place    | Note
-------+----------+-------------------------------------------
     0 | D:1      | Destapler the Troll Berserker began the quest for the Orb.
     0 | D:1      | Reached XP level 1. HP: 22/22 MP: 0/0
    46 | D:1      | Reached XP level 2. HP: 23/29 MP: 1/1
   543 | D:1      | Reached XP level 3. HP: 36/36 MP: 2/2
   905 | D:2      | Reached skill level 1 in Throwing
   976 | D:2      | Reached ** piety under Trog
  1686 | D:3      | Found a bloodstained altar of Trog.
  1755 | D:3      | Reached XP level 4. HP: 44/44 MP: 3/3
  1758 | D:3      | Reached skill level 1 in Armour
  1978 | D:3      | Noticed Grinder
  1992 | D:3      | Killed Grinder
  1992 | D:3      | Reached skill level 4 in Unarmed Combat
  1992 | D:3      | Reached XP level 5. HP: 52/52 MP: 4/4
  2081 | D:3      | Found a hazy altar of Hepliaklqana.
  2081 | D:3      | Found an ornate altar of the Wu Jian Council.
  2082 | D:3      | Found a shattered altar of Ashenzari.
  2334 | D:4      | Found Tigguw's Magic Scroll Shoppe.
  2350 | D:4      | Reached XP level 6. HP: 52/61 MP: 5/5
  2479 | D:4      | Reached skill level 5 in Unarmed Combat
  2556 | D:4      | Found an ancient bone altar of Kikubaaqudgha.
  2979 | D:5      | Entered Level 5 of the Dungeon
  3310 | D:5      | Noticed an ice beast
  3314 | D:5      | Killed an ice beast
  3314 | D:5      | Reached skill level 1 in Stealth
  3354 | D:5      | Reached skill level 6 in Unarmed Combat
  3354 | D:5      | Reached XP level 7. HP: 48/67 MP: 6/6
  3358 | D:5      | Noticed a gargoyle
  3372 | D:5      | Killed a gargoyle
  3444 | D:5      | Found a hide-covered altar of Uskayaw.
  3555 | D:5      | Reached skill level 7 in Unarmed Combat
  4092 | D:6      | Found a staircase to the Ecumenical Temple.
  4125 | Temple   | Entered the Ecumenical Temple
  4634 | D:6      | Found an iron altar of Okawaru.
  4932 | D:6      | Reached XP level 8. HP: 75/75 MP: 7/7
  5147 | D:7      | Reached *** piety under Trog
  5224 | D:7      | Reached skill level 8 in Unarmed Combat
  5312 | D:7      | Noticed Prince Ribbit
  5323 | D:7      | Killed Prince Ribbit
  5386 | D:7      | Reached skill level 9 in Unarmed Combat
  5469 | D:7      | Found Paplugg's General Store.
  5472 | D:7      | Noticed Joseph
  5490 | D:7      | Killed Joseph
  5490 | D:7      | Reached skill level 10 in Unarmed Combat
  5490 | D:7      | Reached XP level 9. HP: 61/84 MP: 8/8
  5519 | D:7      | Reached skill level 1 in Shields
  5703 | D:7      | Found Kusauwyrgh's Assorted Antiques.
  5805 | D:7      | Bought a scroll labeled ALUATA ORAIFF for 34 gold pieces
  5870 | D:7      | Noticed Menkaure
  5876 | D:7      | Killed Menkaure
  5876 | D:7      | Reached skill level 11 in Unarmed Combat
  6210 | D:8      | Got a pitted hand axe
  6221 | D:8      | Identified the +1 hand axe of Hospitality {antimagic, rF+
                  | Int+2 Dex-5} (You found it on level 8 of the Dungeon)
  6479 | D:8      | Reached skill level 1 in Axes
  6502 | D:8      | Noticed a two-headed ogre
  6515 | D:8      | Killed a two-headed ogre
  6515 | D:8      | Reached XP level 10. HP: 52/93 MP: 3/9
  6613 | D:8      | Noticed a cyclops
  6633 | D:8      | Killed a cyclops
  6649 | D:8      | Reached **** piety under Trog
  6996 | D:8      | Found a shimmering altar of Xom.
  6996 | D:8      | Found a shimmering altar of Xom.
  6998 | D:8      | Found a shimmering altar of Xom.
  7385 | D:8      | Noticed a two-headed hydra
  7400 | D:8      | Killed a one-headed hydra
  7400 | D:8      | Reached skill level 5 in Fighting
  7400 | D:8      | Reached skill level 5 in Armour
  7761 | D:9      | Reached skill level 5 in Dodging
  7905 | D:9      | Reached XP level 11. HP: 87/101 MP: 10/10
  7986 | D:9      | Paralysed by fainting for 9 turns
  8001 | D:9      | Paralysed by fainting for 5 turns
  8265 | D:9      | Reached skill level 5 in Shields
  8376 | D:10     | Entered Level 10 of the Dungeon
  8422 | D:10     | Noticed a two-headed ogre
  8431 | D:10     | Killed a two-headed ogre
  8936 | D:10     | Found Nin Zyul's Assorted Antiques.
  9173 | D:11     | Reached ***** piety under Trog
  9252 | D:11     | Received a gift from Trog
  9391 | D:11     | Found a staircase to the Lair.
  9853 | D:12     | Got a crude flail
  9888 | D:12     | Found Zegopuun's Antique Weapon Boutique.
  9928 | D:12     | Paralysed by a hornet for 3 turns
  9951 | D:12     | Killed an unseen horror
  9990 | D:12     | Noticed a five-headed hydra
 10000 | D:12     | Killed a one-headed hydra
 10000 | D:12     | Reached XP level 12. HP: 112/112 MP: 11/11
 10802 | D:12     | Received a gift from Trog
 10802 | D:12     | Reached skill level 5 in Axes
 10859 | D:12     | Found a staircase to the Orcish Mines.
 10872 | Orc:1    | Entered Level 1 of the Orcish Mines
 10877 | Orc:1    | Received a gift from Trog
 11090 | Orc:2    | Entered Level 2 of the Orcish Mines
 11090 | Orc:2    | Noticed Saint Roka
 11090 | Orc:2    | Noticed an orc high priest
 11094 | Orc:2    | Killed an orc high priest
 11392 | Orc:1    | Killed from afar by Saint Roka

Skill      XL: |  1  2  3  4  5  6  7  8  9 10 11 12 |
---------------+-------------------------------------+-----
Throwing       | 1 2 |  2.0
Armour         | 1 2 3 4 5 6 7 |  7.3
Dodging        | 3 4 5 7 |  7.6
Unarmed Combat | 4 6 7 10 11 | 11.0
Fighting       | 3 4 5 6 |  6.4
Stealth        | 1 |  1.0
Shields        | 2 4 7 |  7.9
Axes           | 1 4 5 |  5.2

Action                   |  1- 3 |  4- 6 |  7- 9 | 10-12 || total
-------------------------+-------+-------+-------+-------++-------
Melee: Unarmed           |    99 |    62 |   157 |   487 ||   805
       Punch             |     1 |     1 |     2 |       ||     4
       Hand axe          |       |       |    43 |   120 ||   163
Throw: Stone             |     1 |     5 |    16 |    16 ||    38
Invok: Berserk           |     2 |     2 |     6 |    14 ||    24
       Trog's Hand       |       |     2 |     2 |     6 ||    10
       Brothers in Arms  |       |       |       |     2 ||     2
  Use: Scroll            |       |     3 |     3 |     3 ||     9
       Potion            |       |       |       |     3 ||     3
 Stab: Sleeping          |     1 |     1 |     3 |     1 ||     6
  Eat: Chunk             |    23 |    17 |    31 |    62 ||   133
       Ration            |       |       |       |     2 ||     2
Armor: Animal skin       |    42 |    10 |    46 |    21 ||   119
       Skin              |       |       |       |    30 ||    30
       Troll leather arm |       |       |       |   106 ||   106
Dodge: Dodged            |    63 |    32 |    49 |   167 ||   311
       Deflected         |       |       |     8 |     5 ||    13
Block: Shield            |       |       |    55 |   312 ||   367
